 Dungeon Crawl Stone Soup version 0.22.0-49-gab54619674 (webtiles) character file.

3896 AlolanVulpixel the Spear-Bearer (level 10, -1/86 HPs)
             Began as a White Draconian Berserker on Sept 5, 2018.
             Was an Elder of Trog.
             Slain by a hornet (9 damage)
             ... on level 9 of the Dungeon.
             The game lasted 00:21:08 (7214 turns).

AlolanVulpixel the Spear-Bearer (DrBe)              Turns: 7214, Time: 00:21:11

Health: -1/86      AC:  9    Str: 28    XL:     10   Next: 0%
Magic:  10/10      EV: 14    Int:  8    God:    Trog [****..]
Gold:   470        SH:  0    Dex: 10    Spells: 9/9 levels left

rFire    . . .     SeeInvis +   r - +1 spear (pierce)
rCold    + . .     Gourm    .   (no shield)
rNeg     . . .     Faith    .   (armour unavailable)
rPois    .         Spirit   .   (helmet restricted)
rElec    .         Reflect  .   y - +0 cloak
rCorr    .         Harm     .   I - +0 pair of gloves
MR       ++...                  (no boots)
Stlth    +++.......             E - amulet of magic regeneration
HPRegen  1.24/turn              t - ring of see invisible
MPRegen  0.37/turn              A - +5 ring of strength

@: lethally poisoned (-1 -> -1), marked, regenerating, slowed, invisible, very
slow
A: breathe frost, unfitting armour, cold resistance 1, cold-blooded, AC +7
a: Breathe Frost, Berserk, Trog's Hand, Brothers in Arms, Renounce Religion


You were on level 9 of the Dungeon.
You worshipped Trog.
Trog was greatly pleased with you.
You were not hungry.

You visited 1 branch of the dungeon, and saw 9 of its levels.
You also visited: Ossuary.

You collected 470 gold pieces.

Inventory:

Hand Weapons
 a - a +0 spear
 j - a +2 quarterstaff of chaos
 r - a +1 spear of piercing (weapon)
Armour
 y - a +0 cloak (worn)
 I - a +0 pair of gloves (worn)
Jewellery
 d - an uncursed ring of positive energy
 o - a -3 ring of protection
 t - a ring of see invisible (left hand)
 A - a +5 ring of strength (right hand)
 E - an amulet of magic regeneration (around neck)
Wands
 m - a wand of enslavement (11)
 v - a wand of clouds (5)
 G - a wand of polymorph (28)
Scrolls
 f - 7 scrolls of teleportation
 g - 4 scrolls of enchant weapon
 h - a scroll of noise
 l - 5 scrolls of identify
 p - 2 scrolls of blinking {unknown}
 q - 4 scrolls of enchant armour {unknown}
 s - 3 scrolls of fear
 w - a scroll of vulnerability {unknown}
 x - 3 scrolls of random uselessness {unknown}
 z - a scroll of holy word {unknown}
 B - 3 scrolls of amnesia {unknown}
 D - 4 scrolls of remove curse
 F - 2 scrolls of immolation {unknown}
 L - 2 scrolls of magic mapping {unknown}
Potions
 b - 3 potions of mutation {unknown}
 c - 4 potions of agility {unknown}
 e - 6 potions of curing
 k - 6 potions of degeneration
 n - 3 potions of might {unknown}
 u - 2 potions of heal wounds {unknown}
 C - 3 potions of invisibility
 H - 2 potions of lignification {unknown}
 J - 2 potions of resistance {unknown}
 K - a potion of magic {unknown}
Comestibles
 i - 8 rations


   Skills:
 + Level 7.4 Fighting
 + Level 9.9(10.2) Polearms
 + Level 3.5(7.3) Staves
 + Level 5.8 Dodging
 + Level 5.3 Stealth
 + Level 1.8 Unarmed Combat


You had 9 spell levels left.
You didn't know any spells.
Your spell library contained the following spells:

 Spells                   Type           Power        Failure   Level  Hunger
 Beastly Appendage        Tmut           #.....       41%         1    ##.....
 Sticks to Snakes         Tmut           #.......     54%         2    ###....
 Spider Form              Tmut/Pois      #.........   78%         3    ####...
 Ice Form                 Ice/Tmut       #.......     99%         4    #####..
 Blade Hands              Tmut           #.........   100%        5    ######.


Dungeon Overview and Level Annotations

Branches:
Dungeon (9/15)             Temple (0/1) D:5
   Lair: D:8-11         Orc: D:9-12

Altars:
Fedhas
Gozag
Hepliaklqana
Makhleb
Okawaru
Qazlal
Ru
Sif Muna
Wu Jian
Xom

Shops:
D:8 *

Annotations:
D:6 Blork the orc


Innate Abilities, Weirdness & Mutations

You can breathe waves of freezing cold.
You can buffet flying creatures when you breathe cold.
Your icy white scales are hard. (AC +7)
You cannot fit into any form of body armour.
Your flesh is cold resistant. (rC+)
You are cold-blooded and may be slowed by cold attacks.


Message History

* * * LOW HITPOINT WARNING * * *
You are more poisoned.
The worker ant poisons you! The hornet stings you.
* * * LOW HITPOINT WARNING * * *
You feel as though you will be slow longer.
The hound zombie completely misses you.
It was a potion of invisibility.
You fade into invisibility!
You feel sick.
Your two-headed ogre hits the hound zombie with a dire flail!!
The hound zombie is destroyed!
Trog accepts your kill. The hornet closely misses you. The yak misses you.
The worker ant barely misses you.
Your two-headed ogre hits the yak with a dire flail!
Your two-headed ogre hits the yak with a dire flail!!
The yak gores you!
* * * LOW HITPOINT WARNING * * *
The yak misses you. The hornet stings you!
You die...

################
##..#.#....##...##
#...>.....##.....##
..#.OYY............##
#..)@...........#.##
.......ayY.............##
.....................##.#
.......................#.
....................##.#.
......................#.#
.........................
.....<...................
.......[...........


You could see 3 yaks, a hornet, a worker ant and a friendly two-headed ogre
(berserk).

Vanquished Creatures
  A sixfirhy (D:8)
  Grinder (D:6)
  A hippogriff (D:7)
  Menkaure (D:6)
  A water moccasin (D:8)
  3 ogres
  3 centaurs
  A big kobold (D:7)
  A crocodile (D:8)
  A bullfrog (D:7)
  A gnoll sergeant (D:5)
  A scorpion (D:5)
  4 howler monkeys (D:5)
  2 crimson imps
  A bullfrog zombie (D:9)
  A jelly (D:8)
  5 hounds
  A bullfrog skeleton (D:6)
  An orc priest (D:3)
  Crazy Yiuf (D:2)
  Terence (D:2)
  4 iguanas
  Natasha (D:2)
  4 orc wizards
  6 worker ants
  A hound zombie (D:8)
  12 mummies (Ossuary)
  A worker ant zombie (D:9)
  12 adders
  11 gnolls
  3 shadow imps
  An ooze (D:5)
  3 adder skeletons
  2 worms (D:2)
  4 leopard geckos
  11 orcs
  A ball python (D:3)
  4 giant cockroaches
  6 hobgoblins
  3 jackals (D:2)
  A quokka (D:5)
  10 bats
  3 gnoll skeletons (Ossuary)
  3 goblins
  2 goblin skeletons (Ossuary)
  16 kobolds
  A kobold skeleton (Ossuary)
  2 orc skeletons (Ossuary)
  7 rats
  11 rat skeletons (Ossuary)
179 creatures vanquished.

Vanquished Creatures (collateral kills)
  Harold (D:9)
  A yak (D:9)
  A hound zombie (D:9)
3 creatures vanquished.

Grand Total: 182 creatures vanquished

Notes
Turn   | Place    | Note
-------+----------+-------------------------------------------
     0 | D:1      | AlolanVulpixel the Draconian Berserker began the quest for
                  | the Orb.
     0 | D:1      | Reached XP level 1. HP: 19/19 MP: 1/1
   317 | D:1      | Reached XP level 2. HP: 21/26 MP: 2/2
   790 | D:2      | Reached XP level 3. HP: 30/33 MP: 3/3
   878 | D:2      | Reached ** piety under Trog
  1044 | D:2      | Reached skill level 4 in Polearms
  1044 | D:2      | Reached XP level 4. HP: 27/40 MP: 4/4
  1541 | D:2      | Found a runed door.
  1545 | D:2      | Noticed Crazy Yiuf
  1553 | D:2      | Killed Crazy Yiuf
  1744 | D:2      | Noticed Natasha
  1745 | D:2      | Noticed Terence
  1749 | D:2      | Killed Natasha
  1753 | D:2      | Killed Terence
  1753 | D:2      | Reached skill level 1 in Stealth
  1753 | D:2      | Reached XP level 5. HP: 30/46 MP: 5/5
  2443 | D:3      | Found a faded altar of an unknown god.
  2463 | D:3      | Found an ornate altar of the Wu Jian Council.
  2628 | D:4      | Reached skill level 1 in Staves
  2660 | D:4      | Reached XP level 6. HP: 51/53 MP: 6/6
  3011 | D:4      | Found an opulent altar of Gozag.
  3019 | D:4      | Reached skill level 5 in Polearms
  3161 | D:4      | Found a burning altar of Makhleb.
  3167 | D:4      | Found a stormy altar of Qazlal.
  3192 | D:4      | Found a deep blue altar of Sif Muna.
  3271 | D:5      | Entered Level 5 of the Dungeon
  3317 | D:5      | Found a hazy altar of Hepliaklqana.
  3408 | D:5      | Your scales start taking on an icy white colour.
  3408 | D:5      | Reached XP level 7. HP: 22/60 MP: 7/7
  3408 | D:5      | Gained mutation: Your flesh is cold resistant. (rC+) [White
                  | Draconian growth]
  3581 | D:5      | Found a shimmering altar of Xom.
  3612 | D:5      | Found a staircase to the Ecumenical Temple.
  3685 | D:5      | Reached *** piety under Trog
  3790 | D:5      | Reached skill level 5 in Fighting
  3823 | D:5      | Found a blossoming altar of Fedhas.
  3863 | D:5      | Reached skill level 6 in Polearms
  4219 | D:6      | Noticed Blork the orc
  4449 | D:6      | Noticed Grinder
  4452 | D:6      | Paralysed by Grinder for 2 turns
  4474 | D:6      | Killed Grinder
  4474 | D:6      | Reached XP level 8. HP: 42/69 MP: 8/8
  4515 | D:6      | Found an iron altar of Okawaru.
  4515 | D:6      | Noticed Menkaure
  4521 | D:6      | Killed Menkaure
  4521 | D:6      | Reached skill level 7 in Polearms
  4681 | D:6      | You fall through a shaft!
  5184 | D:7      | Noticed a hippogriff
  5194 | D:7      | Killed a hippogriff
  5194 | D:7      | Reached skill level 8 in Polearms
  5326 | D:7      | Reached skill level 1 in Unarmed Combat
  5383 | D:7      | Reached skill level 5 in Dodging
  5609 | D:8      | Found a runed door.
  5610 | D:8      | Found Xuppec's General Store.
  5612 | D:8      | Noticed a sixfirhy
  5647 | D:8      | Killed a sixfirhy
  5647 | D:8      | Reached XP level 9. HP: 15/78 MP: 9/9
  5730 | D:8      | Found a sacrificial altar of Ru.
  5797 | D:8      | Reached skill level 9 in Polearms
  5824 | D:8      | Found a sand-covered staircase.
  5834 | Ossuary  | Entered an ossuary
  6052 | Ossuary  | Reached **** piety under Trog
  7192 | D:9      | Noticed Harold
  7212 | D:9      | Killed Harold
  7212 | D:9      | Reached skill level 5 in Stealth
  7213 | D:9      | Reached XP level 10. HP: 28/86 MP: 10/10
  7214 | D:9      | Slain by a hornet

Skill      XL: |  1  2  3  4  5  6  7  8  9 |
---------------+----------------------------+-----
Dodging        | 3 4 5 |  5.8
Fighting       | 4 5 6 7 |  7.4
Polearms       | 4 5 6 8 9 |  9.9
Stealth        | 1 2 3 5 |  5.3
Staves         | 1 3 |  3.5
Unarmed Combat | 1 |  1.8

Action                   |  1- 3 |  4- 6 |  7- 9 | 10-12 || total
-------------------------+-------+-------+-------+-------++-------
Melee: Spear             |   141 |    83 |   446 |       ||   670
       Tailslap          |    10 |    13 |    55 |       ||    78
       Quarterstaff      |       |    62 |       |       ||    62
       Unarmed           |       |       |    25 |       ||    25
       Punch             |       |       |     2 |       ||     2
Invok: Berserk           |       |     3 |     2 |       ||     5
       Trog's Hand       |       |     1 |     2 |       ||     3
       Brothers in Arms  |       |       |     1 |       ||     1
 Abil: Breathe Frost     |       |       |     1 |       ||     1
  Use: Scroll            |       |     7 |     1 |       ||     8
       Potion            |       |       |       |     1 ||     1
 Stab: Sleeping          |       |     3 |    20 |       ||    23
       Distracted        |       |       |     1 |       ||     1
  Eat: Ration            |     1 |     2 |     4 |       ||     7
       Chunk             |       |       |     4 |       ||     4
Armor: Skin              |    43 |    38 |    68 |     1 ||   150
Dodge: Dodged            |    69 |    91 |   155 |     9 ||   324
